 Dungeon Crawl Stone Soup version 0.17-a0-2148-g9c1f372 (webtiles) character file.

14912 TruthSerum the Fighter (level 11, -11/96 HPs)
             Began as a Minotaur Fighter on Oct 24, 2015.
             Was a High Priest of Okawaru.
             Mangled by Rupert
             ... wielding a +1 great mace of distortion
              (20 damage)
             ... on level 2 of the Orcish Mines.
             The game lasted 00:59:08 (9514 turns).

TruthSerum the Fighter (Minotaur Fighter)           Turns: 9514, Time: 00:59:08

Health: -11/96     AC: 19    Str: 21    XL:     11   Next: 94%
Magic:  11/16      EV:  8    Int:  9    God:    Okawaru [*****.]
Gold:   884        SH: 13    Dex: 13    Spells: 0 memorised, 10 levels left

rFire  . . .     SeeInvis .     b - +4 flail (crush)
rCold  + . .     Clarity  .     m - +1 plate armour
rNeg   . . .     SustAt   .     J - +1 shield {reflect}
rPois  .         Gourm    .     N - +1 hat
rElec  .         Spirit   .     D - +0 cloak
rCorr  .         Warding  .     G - +2 pair of gloves {archery}
rMut   .         Stasis   .     (no boots)
MR     .....                    (no amulet)
Stlth  ..........               x - +4 ring of intelligence
                                t - ring of protection from cold

@: finesse, not resistant to hostile enchantments, extremely unstealthy
A: retaliatory headbutt, beak, horns 2, frail 1
a: Heroism, Finesse, Renounce Religion


You were on level 2 of the Orcish Mines.
You worshipped Okawaru.
Okawaru was extremely pleased with you.
You were not hungry.

You visited 2 branches of the dungeon, and saw 13 of its levels.

You collected 981 gold pieces.
You spent 97 gold pieces at shops.

Inventory:

Hand Weapons
 a - a +1 flail of holy wrath
 b - a +4 flail of crushing (weapon)
Armour
 m - a +1 plate armour (worn)
 D - a +0 cloak (worn)
 G - a +2 pair of gloves of archery (worn)
 J - a +1 shield of reflection (worn)
 N - a +1 hat (worn)
Jewellery
 t - a ring of protection from cold (left hand)
 x - a +4 ring of intelligence (right hand)
Wands
 c - a wand of flame (10)
 q - a wand of fire (0)
 r - a wand of teleportation (5)
 u - a wand of hasting (2)
 I - a wand of confusion (23)
 K - a wand of flame (20)
 L - a wand of magic darts (14)
Scrolls
 f - a scroll of blinking
 g - 2 scrolls of teleportation
 n - 5 scrolls of fog
 o - 3 scrolls of amnesia
 p - 5 scrolls of magic mapping
 z - a scroll of recharging
Potions
 d - 2 potions of invisibility
 h - 4 potions of brilliance
 i - a potion of ambrosia
 k - 2 potions of flight
 l - 6 potions of curing
 s - 3 potions of might
 v - a potion of agility
 w - a potion of resistance
 y - a potion of haste
 B - 2 potions of magic
 C - a potion of lignification
Comestibles
 e - 5 bread rations
 j - a meat ration
 E - a slice of pizza
 F - 15 fruits
 H - 5 chunks of flesh


   Skills:
 + Level 13.2 Fighting
 - Level 10.0 Maces & Flails
 - Level 6.6 Armour
 + Level 6.1 Dodging
 + Level 9.8 Shields
 + Level 9.2 Invocations


You had 10 spell levels left.
You didn't know any spells.

Dungeon Overview and Level Annotations

Branches:
Dungeon (11/15)            Temple (0/1) D:5            Lair (0/8) D:11
    Orc (2/4) D:11

Altars:
Ashenzari
Cheibriados
Elyvilon
Fedhas
Kikubaaqudgha
Nemelex Xobeh
Okawaru
Ru
Sif Muna
Yredelemnul
Zin
The Shining One

Shops:
D:4 ?   D:6 =**(:

Annotations:
D:4 2 runed doors
Orc:2 Rupert


Innate Abilities, Weirdness & Mutations

You reflexively headbutt those who attack you in melee.
You have a pair of horns on your head.
You have a beak for a mouth.
You are frail (-10% HP).


Message History

You can now deal lightning-fast blows.
You feel somewhat more hungry. Rupert hits you but does no damage.
Space bends around you.
* * * LOW HITPOINT WARNING * * *
You feel much better.
Rupert hits you with a great mace of distortion!
* * * LOW HITPOINT WARNING * * *
Space bends around you.
* * * LOW HITPOINT WARNING * * *
You barely miss Rupert. You headbutt Rupert. Your peck misses Rupert.
Rupert is moderately wounded.
You block Rupert's attack.
You hit Rupert but do no damage. You headbutt Rupert, but do no damage.
Rupert is moderately wounded.
You thump Rupert! You peck Rupert.
Rupert is moderately wounded.
Rupert hits you with a great mace of distortion!
* * * LOW HITPOINT WARNING * * *
Space warps horribly around you!
You die...

#.....)').....'.##.##
##.....#)$....#)##...
##....#......#[##...
###....##'##'##[##...
##......##.##.#####...
#.......####### #..#
#.......#### ##..#
####....@....## #.##.
#......@).....# ##.##
#........).)...####
###
.......>....)......#
#......#####)......##
........ ##.........#
........##.........##
.#.................#
#.#.............###
#............##


You could see Rupert (berserk).

Vanquished Creatures
  The ghost of Numknucks the Magician, a novice HuWz (D:9)
  The ghost of Eldritch the Shield-Bearer, a novice DDFi of Makhleb (D:7)
  A manticore (D:11)
  3 hill giants (D:10)
  An orc sorcerer (Orc:2)
  Maurice (D:8)
  An elephant (D:11)
  A komodo dragon (D:11)
  Grinder (D:5)
  7 yaks
  4 deep elf magi
  A hippogriff (D:8)
  Eustachio (D:5)
  2 wyverns
  2 hungry ghosts
  A warg (D:11)
  Edmund (D:6)
  A mottled dragon (D:11)
  A soldier ant (D:10)
  A water moccasin (D:10)
  An ice beast (D:9)
  5 sky beasts
  11 orc warriors
  A black bear (D:5)
  A swamp drake (Orc:2)
  5 phantoms
  A necrophage (D:6)
  8 ogres
  4 centaurs
  2 big kobolds
  Blork the orc (Orc:2)
  A water moccasin zombie (D:8)
  5 giant frogs
  A water moccasin skeleton (D:7)
  4 scorpions
  8 killer bees
  3 centaur zombies
  3 hounds
  3 giant frog zombies
  A crimson imp (Orc:2)
  4 giant frog skeletons
  6 jellies
  12 orc priests
  5 iguanas
  2 quasits
  2 centaur skeletons
  Terence (D:2)
  An iron imp (Orc:2)
  14 orc wizards
  11 worker ants
  2 sheep (D:11)
  A hound skeleton (D:9)
  A mummy (D:9)
  2 worker ant zombies
  8 adders
  10 gnolls
  2 shadow imps
  A white imp (Orc:2)
  A worm (D:3)
  110 orcs
  7 giant cockroaches
  5 hobgoblins
  10 jackals
  16 kobolds
  5 quokkas
  3 ball pythons
  8 bats
  10 giant geckos
  6 giant newts
  2 goblins
  A quokka skeleton (D:6)
  10 rats
381 creatures vanquished.

Notes
Turn   | Place    | Note
--------------------------------------------------------------
     0 | D:1      | TruthSerum the Minotaur Fighter began the quest for the Orb.
     0 | D:1      | Reached XP level 1. HP: 19/19 MP: 0/0
   351 | D:1      | Reached XP level 2. HP: 27/27 MP: 1/1
   434 | D:1      | Reached skill level 4 in Fighting
   527 | D:2      | Noticed Terence
   534 | D:2      | Killed Terence
   534 | D:2      | Reached XP level 3. HP: 29/34 MP: 2/2
   583 | D:2      | Found a shattered altar of Ashenzari.
   749 | D:2      | Found a sacrificial altar of Ru.
   749 | D:2      | Found an iron altar of Okawaru.
   754 | D:2      | Became a worshipper of Warmaster Okawaru
   860 | D:2      | Reached XP level 4. HP: 33/41 MP: 3/3
  1005 | D:3      | Reached skill level 5 in Fighting
  1485 | D:3      | Reached XP level 5. HP: 45/48 MP: 4/4
  1831 | D:4      | Reached skill level 5 in Maces & Flails
  1867 | D:4      | Reached skill level 6 in Fighting
  1891 | D:4      | Noticed a phantom
  1904 | D:4      | Killed a phantom
  1904 | D:4      | Reached XP level 6. HP: 45/58 MP: 5/5
  1929 | D:4      | Found a deep blue altar of Sif Muna.
  1951 | D:4      | Found a large runed door.
  1951 | D:4      | Found a large runed door.
  1987 | D:4      | Reached * piety under Okawaru
  1994 | D:4      | Gained mutation: Your natural rate of healing is unusually fast. [potion of beneficial mutation]
  2018 | D:4      | Found a white marble altar of Elyvilon.
  2020 | D:4      | Noticed an ogre
  2028 | D:4      | Killed an ogre
  2038 | D:4      | Reached skill level 7 in Fighting
  2073 | D:4      | Found Osucwyni's Magic Scroll Shoppe.
  2118 | D:4      | Bought a scroll of enchant armour for 97 gold pieces
  2204 | D:4      | Found a large runed door.
  2204 | D:4      | Found a large runed door.
  2277 | D:4      | Reached XP level 7. HP: 50/66 MP: 6/6
  2471 | D:4      | Found a glowing silver altar of Zin.
  2515 | D:4      | Found a sparkling altar of Nemelex Xobeh.
  2632 | D:4      | Noticed a phantom
  2645 | D:4      | Killed a phantom
  2645 | D:4      | Reached ** piety under Okawaru
  2665 | D:4      | Reached skill level 8 in Fighting
  2700 | D:5      | Entered Level 5 of the Dungeon
  2768 | D:5      | Reached skill level 1 in Invocations
  2896 | D:5      | Noticed Grinder
  2909 | D:5      | Killed Grinder
  2909 | D:5      | Reached XP level 8. HP: 67/75 MP: 6/8
  3014 | D:5      | Found a staircase to the Ecumenical Temple.
  3020 | D:5      | Noticed Eustachio
  3042 | D:5      | Reached *** piety under Okawaru
  3074 | D:5      | Killed Eustachio
  3074 | D:5      | Reached skill level 9 in Fighting
  3538 | D:6      | Found a glowing golden altar of the Shining One.
  3767 | D:6      | Reached **** piety under Okawaru
  3767 | D:6      | Reached XP level 9. HP: 63/84 MP: 11/11
  3771 | D:6      | Gained mutation: Your body sometimes deteriorates upon taking damage. [mutagenic meat]
  3772 | D:6      | Gained mutation: You are partially covered in rugged brown scales (AC +1, +3% HP). [mutagenic meat]
  3773 | D:6      | Gained mutation: Your mind is acute. (Int +2) [mutagenic meat]
  3774 | D:6      | Gained mutation: You are frail (-10% HP). [mutagenic meat]
  3783 | D:6      | Noticed Edmund
  3795 | D:6      | Killed Edmund
  3795 | D:6      | Reached skill level 10 in Fighting
  3909 | D:6      | Found Zutreast's Book Boutique.
  3917 | D:6      | Found Mouts's Assorted Antiques.
  3964 | D:6      | Found Jisucacw's Jewellery Shop.
  4291 | D:6      | Found Cuoxt's Antique Weapon Shop.
  4324 | D:6      | Found Weipt's General Store.
  4424 | D:7      | Found an ancient bone altar of Kikubaaqudgha.
  4509 | D:7      | Reached skill level 10 in Maces & Flails
  4732 | D:7      | Reached skill level 5 in Invocations
  4748 | D:7      | Noticed Eldritch's ghost (novice DDFi)
  4767 | D:7      | Killed Eldritch's ghost
  4767 | D:7      | Reached ***** piety under Okawaru
  5167 | D:8      | Noticed Maurice
  5178 | D:8      | Reached skill level 5 in Armour
  5182 | D:8      | Reached skill level 5 in Shields
  5187 | D:8      | Killed Maurice
  5198 | D:8      | Reached skill level 11 in Fighting
  5416 | D:8      | Reached XP level 10. HP: 79/87 MP: 13/13
  6072 | D:9      | Noticed Numknucks's ghost (novice HuWz)
  6083 | D:9      | Killed Numknucks's ghost
  6416 | D:9      | Found a basalt altar of Yredelemnul.
  6693 | D:9      | Found a blossoming altar of Fedhas.
  6774 | D:9      | Found a snail-covered altar of Cheibriados.
  6857 | D:10     | Entered Level 10 of the Dungeon
  6866 | D:10     | Reached skill level 1 in Dodging
  6915 | D:10     | Found a glowing silver altar of Zin.
  6956 | D:10     | Noticed a hill giant
  6962 | D:10     | Killed a hill giant
  6962 | D:10     | Received a gift from Okawaru
  6962 | D:10     | Reached skill level 12 in Fighting
  6988 | D:10     | Gained mutation: You are very frail (-20% HP). [potion of mutation]
  7018 | D:10     | Noticed a hill giant
  7029 | D:10     | Killed a hill giant
  7190 | D:10     | Noticed a hill giant
  7202 | D:10     | Killed a hill giant
  7202 | D:10     | Reached XP level 11. HP: 43/85 MP: 15/15
  7693 | D:11     | Found a staircase to the Orcish Mines.
  7734 | D:11     | Gained mutation: You have a beak for a mouth. [mutagenic meat]
  7735 | D:11     | Gained mutation: You are clumsy. (Dex -2) [mutagenic meat]
  7736 | D:11     | Lost mutation: You are partially covered in rugged brown scales (AC +1, +3% HP). [mutagenic meat]
  7737 | D:11     | Lost mutation: Your body sometimes deteriorates upon taking damage. [mutagenic meat]
  7738 | D:11     | Gained mutation: Your spells are a little harder to cast, but a little more powerful. [mutagenic meat]
  7990 | D:11     | Reached skill level 5 in Dodging
  8014 | D:11     | Reached ****** piety under Okawaru
  8015 | D:11     | Received a gift from Okawaru
  8029 | D:11     | Found a staircase to the Lair.
  8170 | D:11     | Reached skill level 13 in Fighting
  8212 | D:11     | Lost mutation: You are very frail (-20% HP). [potion of cure mutation]
  8212 | D:11     | Lost mutation: Your spells are a little harder to cast, but a little more powerful. [potion of cure mutation]
  8212 | D:11     | Lost mutation: You are clumsy. (Dex -2) [potion of cure mutation]
  8212 | D:11     | Lost mutation: Your mind is acute. (Int +2) [potion of cure mutation]
  8212 | D:11     | Lost mutation: Your natural rate of healing is unusually fast. [potion of cure mutation]
  8630 | Orc:1    | Entered Level 1 of the Orcish Mines
  9160 | Orc:2    | Noticed Blork the orc
  9170 | Orc:2    | Killed Blork the orc
  9295 | Orc:2    | Noticed Rupert
  9300 | Orc:2    | Paralysed by Rupert for 5 turns
  9514 | Orc:2    | Mangled by Rupert

Vault maps used:
D:1:      lightli_arrival_isolated_outpost
D:2:      nicolae_overflow_hidden_temple, ashenzari_altar_1,
          gammafunk_temple_overflow_statue, grunt_decor_cap, uniq_terence
D:3:      minmay_vboxes
D:4:      kennysheep_mini_moat, kennysheep_mini, zin_statuary, elyvilon_altar_1,
          serial_shops, nicolae_shop_stone, first_bread,
          minmay_hollow_rounded_squares
D:5:      minmay_temple_entry_large_hall, uniq_grinder, uniq_eustachio
D:6:      lemuel_round_altar, serial_shops,
          nicolae_shop_temple_entry_statues_fountains, nicolae_shop_crystal,
          kennysheep_little_box, nicolae_shop_behind_doors,
          nicolae_shop_window_shopping, uniq_edmund
D:7:      lemuel_doored_altar, hangedman_decor_growths
D:8:      uniq_maurice
D:9:      overflow_temple_1_default, slow_altar_2, hangedman_tree_tricks
D:10:     basic_altar
D:11:     david_lair_generic, david_orc_3
Orc:2:    portal_ice_cave_entry_imps, hangedman_minor_magic, uniq_rupert

Action                   |  1- 3 |  4- 6 |  7- 9 | 10-12 || total
-------------------------+-------+-------+-------+-------++-------
Melee: Flail             |    82 |   120 |   273 |   673 ||  1148
Invok: Heroism           |       |       |     2 |     3 ||     5
       Finesse           |       |       |       |     3 ||     3
Evoke: Wand              |       |     2 |       |       ||     2
  Use: Scroll            |     6 |    13 |     5 |    10 ||    34
       Potion            |     1 |     1 |       |     3 ||     5
  Eat: Chunk             |       |     5 |    14 |    20 ||    39
       Bread ration      |       |       |       |     2 ||     2
       Beef jerky        |       |       |       |     1 ||     1
